 Dungeon Crawl Stone Soup version 0.30-a0-808-g6e0788376e (webtiles) character file.

Game seed: 10756086162306046566

4419 Nacht the Thaumaturge (level 10, -14/69 HPs)
             Began as a Meteoran Earth Elementalist on Feb 27, 2023.
             Was an Elder of Kikubaaqudgha.
             Demolished by an orc warrior
             ... wielding a +0 war axe
              (15 damage)
             ... on level 9 of the Dungeon.
             The game lasted 00:12:03 (4691 turns).

Nacht the Thaumaturge (Meteoran Earth Elementalist) Turns: 4691, Time: 00:12:03

Health: -14/69     AC:  7    Str: 10    XL:     10   Next: 93%
Magic:  16/34      EV: 12    Int: 26    God:    Kikubaaqudgha [****..]
Gold:   483        SH:  0    Dex: 16    Spells: 9/29 levels left

rFire   + . .      SeeInvis .    L - +2 scimitar (flame)
rCold   + . .      Faith    .    (no shield)
rNeg    . . .      Spirit   .    D - +0 robe {rC+ rF+}
rPois   .          Reflect  .    a - +0 helmet
rElec   .          Harm     .    I - +0 cloak
rCorr   .          Rampage  .    (no gloves)
Will    +....                    t - +2 pair of boots
Stlth   +                        (no amulet)
HPRegen 0.31/turn                k - +6 ring of intelligence
MPRegen 0.24/turn                l - ring of magical power

@: very slightly contaminated, glowing
A: sense surroundings 2, otherworldly, glowing, explore regen
a: Renounce Religion, Unearth Wretches


You were on level 9 of the Dungeon.
You worshipped Kikubaaqudgha.
Kikubaaqudgha was greatly pleased with you.
You visited 1 branch of the dungeon, and saw 9 of its levels.
You also visited: Ossuary.

You collected 483 gold pieces.

Inventory:

Hand Weapons
 L - a +2 scimitar of flaming (weapon)
Armour
 a - a +0 helmet (worn)
 t - a +2 pair of boots (worn)
 D - a +0 robe of resistance (worn)
 I - a +0 cloak (worn)
Jewellery
 c - a ring of flight
 f - a +6 ring of intelligence
 k - a +6 ring of intelligence (left hand)
 l - a ring of magical power (right hand)
 m - a ring of willpower
 E - a +6 ring of strength
 K - an amulet of guardian spirit
Wands
 C - a wand of mindburst (23)
 G - a wand of charming (5)
 H - a wand of flame (5)
Scrolls
 e - 2 scrolls of noise {unknown}
 g - 2 scrolls of immolation {unknown}
 n - 4 scrolls of vulnerability {unknown}
 o - 2 scrolls of brand weapon {unknown}
 q - a scroll of silence {unknown}
 u - 2 scrolls of amnesia {unknown}
 w - 5 scrolls of teleportation {unknown}
 y - a scroll of enchant weapon {unknown}
 z - a scroll of poison {unknown}
 A - a scroll of blinking {unknown}
 B - a scroll of magic mapping {unknown}
 F - 2 scrolls of enchant armour {unknown}
 J - 4 scrolls of identify
Potions
 b - a potion of magic
 d - 10 potions of curing
 i - a potion of berserk rage
 j - a potion of brilliance
 p - 2 potions of might
 r - 2 potions of invisibility
 s - a potion of cancellation
 v - 5 potions of lignification {unknown}
 x - 3 potions of attraction


   Skills:
 - Level 2.4 Dodging
 - Level 1.4 Stealth
 - Level 10.0 Spellcasting
 - Level 10.0 Necromancy
 - Level 1.2 Transmutations
 + Level 7.4 Ice Magic
 - Level 7.0 Earth Magic


You had 9 spell levels left.
You knew the following spells:

 Your Spells              Type           Power      Damage    Failure   Level
a - Sandblast             Erth           98%        2d20      1%          1
b - Stone Arrow           Conj/Erth      62%        3d10      3%          3
c - Dispel Undead         Necr           60%        3d21      1%          4
d - Anguish               Hex/Necr       19%        N/A       6%          4
e - Simulacrum            Ice/Necr       27%        N/A       21%         6
w - Passwall              Tmut/Erth      28%        N/A       1%          2

Your spell library contained the following spells:

 Spells                   Type           Power      Damage    Failure   Level
 Kiss of Death            Conj/Necr      100%       2d13      1%          1
 Necrotise                Necr           100%       1d9       1%          1
 Cigotuvi's Dreadful Rot  Necr/Pois/Air  60%        N/A       1%          2
 Vampiric Draining        Necr           60%        2d10      1%          3
 Agony                    Necr           60%        N/A       1%          5
 Beastly Appendage        Tmut           38%        N/A       2%          1
 Magic Dart               Conj           52%        1d5       4%          1
 Wereblood                Tmut           19%        N/A       4%          2
 Searing Ray              Conj           26%        2d5       7%          2
 Petrify                  Tmut/Erth      34%        N/A       9%          4
 Spider Form              Tmut/Pois      16%        N/A       11%         3
 Summon Guardian Golem    Hex/Summ       13%        N/A       14%         3
 Fulminant Prism          Conj/Hex       6%         3d7       41%         4
 Manifold Assault         Tloc           13%        N/A       41%         4
 Dispersal                Tloc           6%         N/A       100%        6
 Orb of Destruction       Conj           6%         9d6       100%        7
 Spellforged Servitor     Conj/Summ      6%         N/A       100%        7
 Disjunction              Tloc           6%         N/A       100%        8


Dungeon Overview and Level Annotations

Branches:
Dungeon (9/15) Zot: 927    Temple (0/1) D:7         Ossuary (visited)
   Lair: D:8-11         Orc: D:9-12

Altars:
Hepliaklqana
Kikubaaqudgha
Okawaru
Wu Jian
The Shining One

Shops:
D:2 =   D:6 (

Annotations:
D:8 exclusion: ice statue


Innate Abilities, Weirdness & Mutations

You passively map the area around you.
You are easily found by Zot.
You glow in the dark.
You regain HP and MP as you explore.


Message History

You feel much better.
The orc wizard gestures at you while chanting.
The magic dart hits you. The orc warrior barely misses you.
The orc warrior hits you with a +0 scimitar!
* * * LOW HITPOINT WARNING * * *
The orc warrior is wracked by anguish!
The orc warrior dies!
Kikubaaqudgha accepts your kill. The orc warrior barely misses you.
The orc warrior hits you with a +0 war axe!
* * * LOW HITPOINT WARNING * * *
The orc warrior is wracked by anguish!
Things that are here:
a +0 scimitar; a +0 plate armour You feel much better.
The orc warrior hits you with a +0 war axe!
The orc warrior is wracked by anguish!
The orc wizard hits you but does no damage.
The orc warrior hits you with a +0 war axe!
* * * LOW HITPOINT WARNING * * *
The orc warrior is wracked by anguish!
Casting: Simulacrum (quite dangerous; 21% risk of failure)
Confirm with . or Enter, or press ? or * to list all spells.
Aiming: Sandblast (safe; 1% risk of failure)
Press: ? - help, Shift-Dir - straight line, f - orc wizard
Aim: an orc wizard, wielding a +0 dagger and wearing a +0 robe (81% to hit)
The blast of sand hits the orc wizard!!
You kill the orc wizard!
Kikubaaqudgha accepts your kill.
The orc warrior hits you with a +0 war axe!
* * * LOW HITPOINT WARNING * * *
The orc warrior is wracked by anguish!
The orc warrior dies!
Kikubaaqudgha accepts your kill.
The orc warrior hits you with a +0 war axe.
* * * LOW HITPOINT WARNING * * *
The orc warrior is wracked by anguish.
The orc warrior hits you with a +0 war axe!
You die...
Kikubaaqudgha rasps: "You have failed me!
Welcome... death!"

, , , , * , ,
,, , , , ,,....
, ,, , , , ....
, ,, , , , ,
,,..... , ,, ,,
* ,,,.....####
, , ,,* ,, ,,
........## , ,
, ,.........##,
,, , , ,,
..........#,, ,
, , *
,#.....@o.#,,,,
,, #.....)).# ,
, * #.......†#
, , , , *
##......## , ,
, , ##....##
*###### , , , ,
, ,, ,, * ** *
* , , * + , , *
*


You could see an orc warrior (anguished).

Vanquished Creatures
  Erica (D:8)
  Joseph (D:7)
  Maggie (D:7)
  A troll (D:9)
  A hornet (D:8)
  Duvessa (D:4)
  4 water moccasins
  An orc warrior (D:8)
  A sky beast (D:6)
  A black bear (D:5)
  2 ogres
  A centaur (D:8)
  2 phantoms
  A kobold brigand (D:7)
  3 bullfrogs
  6 scorpions (Ossuary)
  Dowan (D:4)
  3 jellies
  2 orc priests
  Crazy Yiuf (D:6)
  5 human zombies (Ossuary)
  A gnoll bouda (D:5)
  An iguana (D:7)
  9 orc wizards
  5 scorpion zombies (Ossuary)
  3 mummies (Ossuary)
  4 gnolls (D:5)
  5 adders
  3 white imps
  2 worms
  3 dart slugs
  15 orcs
  5 ball pythons
  11 endoplasms
  A giant cockroach (D:4)
  2 gnoll zombies (Ossuary)
  4 goblins
  2 hobgoblins
  8 jackals (D:2)
  3 quokkas
  3 bats
  2 frilled lizards
  2 goblin zombies
  3 hobgoblin zombies (Ossuary)
  9 kobolds
  3 kobold zombies (Ossuary)
  2 rats
  A rat zombie (D:5)
152 creatures vanquished.

Vanquished Creatures (others)
  2 orc warriors (D:9)
  5 plants (D:8)
7 creatures vanquished.

Grand Total: 159 creatures vanquished

Notes
Turn   | Place    | Note
-------+----------+-------------------------------------------
     0 | D:1      | Nacht the Meteoran Earth Elementalist began the quest for
                  | the Orb.
     0 | D:1      | Reached XP level 1. HP: 14/14 MP: 5/5
   190 | D:1      | Reached XP level 2. HP: 20/20 MP: 3/6
   318 | D:2      | Reached XP level 3. HP: 26/26 MP: 6/8
   449 | D:2      | Reached skill level 5 in Earth Magic
   504 | D:2      | Found Xumnaum's Jewellery Shoppe.
   635 | D:2      | Found a faded altar of an unknown god.
   738 | D:2      | Prayed at the altar of an unknown god.
   738 | D:2      | Became a worshipper of Kikubaaqudgha
   738 | D:2      | Reached * piety under Kikubaaqudgha
   738 | D:2      | Received a gift from Kikubaaqudgha
   797 | D:3      | Learned a level 2 spell: Passwall
   801 | D:3      | Learned a level 3 spell: Stone Arrow
   844 | D:3      | Reached XP level 4. HP: 33/33 MP: 9/9
   954 | D:3      | Reached ** piety under Kikubaaqudgha
  1379 | D:4      | Reached XP level 5. HP: 38/38 MP: 10/10
  1473 | D:4      | Noticed a phantom
  1480 | D:4      | Killed a phantom
  1481 | D:4      | Reached XP level 6. HP: 40/45 MP: 4/11
  1516 | D:4      | Reached skill level 1 in Necromancy
  1691 | D:4      | Noticed Duvessa
  1692 | D:4      | Noticed Dowan
  1696 | D:4      | Killed Duvessa
  1700 | D:4      | Reached XP level 7. HP: 46/50 MP: 3/14
  1702 | D:4      | Killed Dowan
  1855 | D:5      | Entered Level 5 of the Dungeon
  1877 | D:5      | Reached skill level 5 in Spellcasting
  1909 | D:5      | Found a sand-covered staircase.
  1916 | Ossuary  | Entered an ossuary
  1929 | Ossuary  | Reached XP level 8. HP: 57/57 MP: 17/17
  1981 | Ossuary  | Reached skill level 5 in Necromancy
  2002 | Ossuary  | Reached *** piety under Kikubaaqudgha
  2002 | Ossuary  | Received a gift from Kikubaaqudgha
  2008 | Ossuary  | Learned a level 4 spell: Dispel Undead
  2155 | Ossuary  | Gained mutation: You passively map the area around you.
                  | [Meteoran growth]
  2155 | Ossuary  | Reached XP level 9. HP: 37/62 MP: 21/21
  3048 | D:6      | Found Vupsa's Weapon Shoppe.
  3098 | D:6      | Found a runed translucent door.
  3099 | D:6      | Noticed Crazy Yiuf
  3299 | D:6      | Killed Crazy Yiuf
  3356 | D:7      | Noticed Joseph
  3364 | D:7      | Killed Joseph
  3429 | D:7      | Reached **** piety under Kikubaaqudgha
  3459 | D:7      | Reached XP level 10. HP: 35/69 MP: 24/24
  3537 | D:7      | Reached skill level 10 in Spellcasting
  3557 | D:7      | Learned a level 4 spell: Anguish
  3564 | D:7      | Learned a level 6 spell: Simulacrum
  3625 | D:7      | Found an iron altar of Okawaru.
  3626 | D:7      | Found an ornate altar of the Wu Jian Council.
  3636 | D:7      | Noticed Maggie
  3646 | D:7      | Killed Maggie
  3726 | D:7      | Found a staircase to the Ecumenical Temple.
  4007 | D:7      | Found a glowing golden altar of the Shining One.
  4007 | D:7      | Found an ancient bone altar of Kikubaaqudgha.
  4205 | D:8      | Found a hazy altar of Hepliaklqana.
  4297 | D:8      | Noticed an ice statue
  4594 | D:8      | Reached skill level 10 in Necromancy
  4626 | D:8      | Noticed Erica
  4630 | D:8      | Killed Erica
  4691 | D:9      | HP: 2/69 [orc warrior/+0 war axe (7)]
  4691 | D:9      | Demolished by an orc warrior

Illustrated notes

Levels and vault maps discovered:
D:1:      saegor_arrival_fortress, layout_basic
D:2:      layout_rooms, ebering_ecumenical_altar_hall, serial_shops,
          nicolae_shop_waterfront
D:3:      layout_basic, st_stairs_1, kennysheep_generic_room_13
D:4:      layout_basic, minmay_rat_hole, uniq_duvessa
D:5:      layout_basic, enter_ossuary_4
D:6:      layout_rooms, serial_shops, nicolae_shop_stone,
          kennysheep_generic_room_2, uniq_crazy_yiuf_cottage
D:7:      layout_loops_ring, mainiacjoe_overflow_alcove_3, temple_green,
          item_on_display_a, uniq_maggie, uniq_joseph
D:8:      minmay_separated_statues, layout_loops_corners,
          nicolae_hepliaklqana_hazy_memory, serial_aquarium,
          aquarium_bridge_straight [aquarium_subvault_bridge,
          aquarium_subvault_window, aquarium_subvault_bridge,
          aquarium_subvault_wall], aquarium_window_fake, aquarium_window_corner,
          aquarium_window_fake, aquarium_view_2f, aquarium_view_2c, uniq_erica
D:9:      minmay_four_partial_circles, layout_basic, david_lair_shrubbed,
          erik_orc_1

Skill      XL: |  1  2  3  4  5  6  7  8  9 10 |
---------------+-------------------------------+-----
Earth Magic    | 4 5 6 7 |  7.0
Spellcasting   | 3 4 5 7 9 10 | 10.0
Necromancy     | 2 4 6 8 10 | 10.0
Ice Magic      | 7 |  7.4
Dodging        | |  2.4
Stealth        | |  1.4
Transmutations | |  1.2

Action                     |  1- 3 |  4- 6 |  7- 9 | 10-12 || total
---------------------------+-------+-------+-------+-------++-------
  Melee: Unarmed           |       |     1 |    10 |       ||    11
   Cast: Sandblast         |    33 |    29 |    93 |    19 ||   174
         Stone Arrow       |       |    11 |    20 |    39 ||    70
         Dispel Undead     |       |       |    14 |       ||    14
         Anguish           |       |       |       |     2 ||     2
    Use: Potion            |       |       |     1 |     3 ||     4
         Scroll            |       |       |     8 |       ||     8
 Armour: Robe              |     3 |     4 |    27 |     7 ||    41
  Dodge: Dodged            |    12 |     3 |    46 |    24 ||    85

Table legend: (Time is in decaauts)
 A = Elapsed time spent in this place.
 B = Non-inter-level travel time spent in this place.
 C = Inter-level travel time spent in this place.
 D = Time resting spent in this place.
 E = Time spent auto-exploring this place.
 F = Levels seen in this place.
 G = Mean time per level.
                   A        B        C        D        E       F      G
               +--------+--------+--------+--------+--------+-----+--------+
         Total |   4783 |   4583 |    200 |      0 |   3671 |  10 |  478.3 |
       Dungeon |   4471 |   4271 |    200 |      0 |   3534 |   9 |  496.8 |
       Ossuary |    312 |    312 |      0 |      0 |    137 |   1 |  312.0 |
               +--------+--------+--------+--------+--------+-----+--------+

Top non-repeatable levels by time:
     D:7: 721 daAuts
     D:5: 666 daAuts
     D:8: 643 daAuts
     D:4: 562 daAuts
     D:6: 542 daAuts
     D:2: 540 daAuts
     D:3: 529 daAuts
 Ossuary: 312 daAuts
     D:1: 253 daAuts
     D:9: 11 daAuts
